 Dungeon Crawl Stone Soup version 0.29.1-2-gbd0b4ee654 (webtiles) character file.

Game seed: 12248822311236677476

4137 safid the Skirmisher (level 10, -1/88 HPs)
             Began as a Minotaur Hunter on Oct 26, 2022.
             Was an Elder of Okawaru.
             Slain by an orc warrior
             ... wielding a +0 trident
              (10 damage)
             ... on level 9 of the Dungeon.
             The game lasted 00:15:41 (8598 turns).

safid the Skirmisher (Minotaur Hunter)              Turns: 8598, Time: 00:15:43

Health: -1/88      AC:  6    Str: 16    XL:     10   Next: 7%
Magic:  9/9        EV: 10    Int:  6    God:    Okawaru [****..]
Gold:   390        SH:  0    Dex: 24    Spells: 9/9 levels left

rFire   . . .      SeeInvis .   w - +0 arbalest
rCold   . . .      Faith    .   (shield currently unavailable)
rNeg    . . .      Spirit   .   p - +0 scale mail
rPois   .          Reflect  .   (helmet restricted)
rElec   .          Harm     .   (no cloak)
rCorr   .          Rampage  .   (no gloves)
Will    .....                   (no boots)
Stlth   +.........              E - amulet of regeneration
HPRegen 1.04/turn               a - +6 ring of dexterity
MPRegen 0.11/turn               (no ring)

@: lethally poisoned (-1 -> -1)
A: horns 2, retaliatory headbutt
a: Renounce Religion, Heroism, Finesse


You were on level 9 of the Dungeon.
You worshipped Okawaru.
Okawaru was greatly pleased with you.
You visited 2 branches of the dungeon, and saw 10 of its levels.

You collected 511 gold pieces.
You spent 121 gold pieces at shops.

Inventory:

Hand Weapons
 w - a +0 arbalest (weapon)
Missiles
 g - 3 throwing nets
Armour
 p - a +0 scale mail (worn)
Jewellery
 a - a +6 ring of dexterity (left hand)
 E - an amulet of regeneration (around neck)
Wands
 l - a wand of paralysis (7)
 x - a wand of mindburst (18)
 y - a wand of flame (15)
 D - a wand of iceblast (15)
Scrolls
 d - 9 scrolls of teleportation
 e - a scroll of magic mapping
 f - 2 scrolls of amnesia
 h - 3 scrolls of poison
 j - a scroll of acquirement {unknown}
 n - a scroll of fear {unknown}
 v - a scroll of noise {unknown}
 C - a scroll of enchant weapon {unknown}
 F - a scroll of fog {unknown}
Potions
 b - 2 potions of flight
 i - a potion of mutation {unknown}
 k - a potion of berserk rage {unknown}
 m - 3 potions of curing
 o - 2 potions of attraction {unknown}
 q - 2 potions of might {unknown}
 r - 2 potions of degeneration {unknown}
 s - 2 potions of lignification
 t - a potion of resistance {unknown}
 u - 4 potions of magic {unknown}
 z - a potion of invisibility {unknown}
 B - 2 potions of cancellation {unknown}


   Skills:
 - Level 8.0 Fighting
 + Level 14.7 Ranged Weapons
 - Level 2.1 Dodging
 - Level 0.7 Stealth


You had 9 spell levels left.
You didn't know any spells.
Your spell library contained the following spells:

 Spells                   Type           Power      Damage    Failure   Level
 Apportation              Tloc           0%         N/A       88%         1
 Necrotise                Necr           0%         1d4       88%         1
 Scorch                   Fire           0%         2d5       96%         2
 Portal Projectile        Hex/Tloc       0%         N/A       99%         3
 Flame Wave               Conj/Fire      0%         2d4       100%        4
 Blade Hands              Tmut           0%         N/A       100%        5
 Summon Small Mammal      Summ           Unusable   N/A       N/A         1
 Tukima's Dance           Hex            Unusable   N/A       N/A         3
 Summon Cactus Giant      Summ           Unusable   N/A       N/A         6

Dungeon Overview and Level Annotations

Branches:
Dungeon (9/15)             Temple (1/1) D:5
   Lair: D:8-11         Orc: D:9-12

Altars:
Cheibriados
Dithmenos
Elyvilon
Gozag
Kikubaaqudgha
Makhleb
Nemelex Xobeh
Okawaru
Qazlal
Sif Muna
Trog
Uskayaw
Vehumet
Wu Jian
Yredelemnul
The Shining One

Shops:
D:5 (

Annotations:
D:7 1 runed translucent door, Crazy Yiuf


Innate Abilities, Weirdness & Mutations

You have a pair of horns on your head.
You reflexively headbutt those who attack you in melee.


Message History

You are too injured to fight recklessly!
You are too injured to fight recklessly!
You are too injured to fight recklessly!
Unknown command.
Fire: w) +0 arbalest
Press: ? - help, Q - select action, (/) - cycle Shift-Dir - straight line, f/p - killer bee
Aim: a killer bee (moderately wounded, 50% to hit)
You shoot a bolt.
The bolt hits the killer bee but does no damage.
The killer bee is moderately wounded.
You feel very sick. The killer bee closely misses you.
The killer bee barely misses you. You furiously retaliate!
You headbutt the killer bee.
Fire: w) +0 arbalest
Press: ? - help, Q - select action, (/) - cycle Shift-Dir - straight line, f/p - killer bee
Aim: a killer bee (heavily wounded, 50% to hit)
You shoot a bolt. The bolt hits the killer bee!!
You kill the killer bee!
Okawaru accepts your kill.
You feel sick.
The orc warrior hits you with a +0 trident!
* * * LOW HITPOINT WARNING * * *
Fire: w) +0 arbalest
Press: ? - help, Q - select action, (/) - cycle Shift-Dir - straight line, f - orc warrior
Aim: an orc warrior, wielding a +0 trident and wearing a +0 plate armour (71% to hit)
You shoot a bolt.
The bolt completely misses the orc warrior.
You feel sick. The orc warrior closely misses you. You furiously retaliate!
You headbutt the orc warrior!
Fire: w) +0 arbalest
Press: ? - help, Q - select action, (/) - cycle Shift-Dir - straight line, f/p - orc warrior
Aim: an orc warrior, wielding a +0 trident and wearing a +0 plate armour (moderately wounded, 71% to hit)
You shoot a bolt. The bolt hits the orc warrior!
The orc warrior is severely wounded.
You feel sick.
You hear a roar!
The orc warrior hits you with a +0 trident!
* * * LOW HITPOINT WARNING * * *
The orc warrior hits you with a +0 trident!
You die...

.#. . ... #.
.... #. ... )#
..##y #.#†###
#(#.o# ..
#o##...#### .
##@####.... #.
#####........
.##............
...............
##..#.......#..
##..##......##
.
##.#........##
#...........).#
#..<..........#


You could see an orc warrior.

Vanquished Creatures
  A two-headed ogre (D:8)
  Maggie (D:7)
  A tengu conjurer (D:8)
  A troll (D:8)
  4 yaks
  Sigmund (D:3)
  A wyvern (D:9)
  Duvessa (D:7)
  An orc warrior (D:6)
  A black bear (D:5)
  An ogre (D:5)
  2 centaurs
  A phantom (D:5)
  2 kobold brigands
  A bullfrog (D:7)
  A necrophage (D:7)
  3 scorpions
  Dowan (D:7)
  5 killer bees
  An electric eel (D:8)
  2 hounds
  2 jellies
  Jessica (D:3)
  Terence (D:3)
  5 iguanas
  5 orc wizards
  3 adders
  A shadow imp (D:7)
  4 white imps
  An ufetubus (D:5)
  2 worms
  22 orcs
  4 endoplasms
  8 giant cockroaches
  5 goblins
  3 hobgoblins
  2 jackals (D:3)
  17 kobolds
  4 quokkas
  9 ball pythons
  5 bats
  5 frilled lizards
  4 rats
146 creatures vanquished.

Notes
Turn   | Place    | Note
-------+----------+-------------------------------------------
     0 | D:1      | safid the Minotaur Hunter began the quest for the Orb.
     0 | D:1      | Reached XP level 1. HP: 18/18 MP: 0/0
   227 | D:1      | Reached XP level 2. HP: 25/25 MP: 1/1
   894 | D:2      | Reached skill level 5 in Ranged Weapons
   894 | D:2      | Reached XP level 3. HP: 31/31 MP: 2/2
  1963 | D:3      | Reached XP level 4. HP: 15/40 MP: 3/3
  2561 | D:3      | Found a snail-covered altar of Cheibriados.
  2562 | D:3      | Noticed Jessica
  2568 | D:3      | Killed Jessica
  2803 | D:3      | Noticed Sigmund
  2811 | D:3      | Killed Sigmund
  2812 | D:3      | Reached skill level 5 in Fighting
  2812 | D:3      | Reached skill level 6 in Ranged Weapons
  2812 | D:3      | Reached XP level 5. HP: 32/50 MP: 4/4
  2812 | D:3      | Reached XP level 6. HP: 36/57 MP: 5/5
  3135 | D:3      | Noticed Terence
  3142 | D:3      | Killed Terence
  3502 | D:4      | Found a white marble altar of Elyvilon.
  3777 | D:5      | Entered Level 5 of the Dungeon
  3836 | D:5      | Reached skill level 7 in Ranged Weapons
  3916 | D:5      | Reached XP level 7. HP: 38/64 MP: 6/6
  4157 | D:5      | HP: 1/66 [black bear (4)]
  4544 | D:5      | Found a staircase to the Ecumenical Temple.
  4581 | Temple   | Entered the Ecumenical Temple
  4594 | Temple   | Became a worshipper of Warmaster Okawaru
  4611 | D:5      | Found Vikoippikk's Antique Weapon Emporium.
  4621 | D:5      | Bought an arbalest for 121 gold pieces
  4762 | D:5      | Reached skill level 8 in Ranged Weapons
  4799 | D:5      | Found an ornate altar of the Wu Jian Council.
  5457 | D:6      | Found a sparkling altar of Nemelex Xobeh.
  5516 | D:6      | Reached XP level 8. HP: 47/74 MP: 7/7
  5688 | D:6      | Reached skill level 9 in Ranged Weapons
  6356 | D:7      | Noticed Duvessa
  6356 | D:7      | Noticed Dowan
  6359 | D:7      | Killed Duvessa
  6365 | D:7      | Killed Dowan
  6365 | D:7      | Reached * piety under Okawaru
  6508 | D:7      | Reached skill level 10 in Ranged Weapons
  6676 | D:7      | Noticed Maggie
  6679 | D:7      | Killed Maggie
  6680 | D:7      | Reached skill level 11 in Ranged Weapons
  6734 | D:7      | Reached ** piety under Okawaru
  6735 | D:7      | Reached XP level 9. HP: 54/81 MP: 8/8
  7340 | D:7      | Found a runed translucent door.
  7341 | D:7      | Noticed Crazy Yiuf
  7530 | D:8      | Noticed a two-headed ogre
  7700 | D:8      | Killed a two-headed ogre
  7701 | D:8      | Reached skill level 12 in Ranged Weapons
  7833 | D:8      | Reached skill level 13 in Ranged Weapons
  7850 | D:8      | Found a burning altar of Makhleb.
  7853 | D:8      | Found a glowing golden altar of the Shining One.
  7882 | D:8      | Reached *** piety under Okawaru
  8053 | D:8      | Noticed an eight-headed hydra
  8054 | D:8      | Noticed a tengu conjurer
  8055 | D:8      | Noticed a troll
  8368 | D:8      | Killed a tengu conjurer
  8369 | D:8      | Reached skill level 14 in Ranged Weapons
  8375 | D:8      | Killed a troll
  8586 | D:9      | Reached **** piety under Okawaru
  8587 | D:9      | Reached XP level 10. HP: 81/88 MP: 9/9
  8598 | D:9      | Slain by an orc warrior

Illustrated notes

Levels and vault maps discovered:
D:1:      spicycebolla_arrival_xxxplode, layout_loops_ring, serial_glass,
          glass_columns_b, glass_columns_a, item_on_display_a
D:2:      layout_basic
D:3:      layout_loops_cross, mainiacjoe_overflow_24_doors,
          nicolae_underground_beach, uniq_terence, uniq_sigmund, uniq_jessica
D:4:      layout_loops_ring, mainiacjoe_overflow_surrounded_room
D:5:      layout_loops_ring, mainiacjoe_overflow_brackets,
          minmay_temple_entry_ruins, serial_shops, shop,
          nicolae_figureground_pulse
D:6:      layout_basic, lemuel_crystal_altar
D:7:      layout_loops_ring, uniq_maggie, uniq_crazy_yiuf_cottage, uniq_duvessa
D:8:      minmay_cornered_nines, layout_basic, nicolae_overflow_squiral
D:9:      minmay_ornate_pinched, layout_cave_pools, orc_0_dummy, serial_shops,
          nicolae_lakefront_shop, chequers_serial_rivers_large_a
Temple:   compressed_dpeg_triangle_lava_temple

Skill      XL: |  1  2  3  4  5  6  7  8  9 |
---------------+----------------------------+-----
Fighting       | 3 4 5 6 8 |  8.0
Ranged Weapons | 5 6 7 8 11 14 | 14.7
Dodging        | |  2.1
Stealth        | |  0.7

Action                   |  1- 3 |  4- 6 |  7- 9 | 10-12 || total
-------------------------+-------+-------+-------+-------++-------
 Fire: Shortbow          |   155 |    95 |    42 |       ||   292
       Arbalest          |       |       |   172 |    10 ||   182
  Use: Scroll            |       |       |     9 |       ||     9
       Potion            |       |       |     5 |       ||     5
Armor: Leather armour    |    15 |     4 |       |       ||    19
       Scale mail        |       |    11 |    88 |     3 ||   102
       Skin              |       |       |    10 |       ||    10
Dodge: Dodged            |    42 |    23 |    95 |     7 ||   167
